Map: Valle del ocaso EE

Players

MrFercho - Winner!

  • Race: Terran Terran
  • Spawn Location: 12:00

tigro

  • Race: Terran Terran
  • Spawn Location: 5:00

VOD

Have the link to the VOD?

Description

Time

  • Played on: Aug. 2, 2019, 10:19 p.m.
  • Length: 21:18
Show
View Real Time Build Order
Export as new Build Order

MrFercho Terran - Winner!

Build Orders:  

Get SALT Encoding   

  12  0:01  SCV  
  13  0:18  SCV  
  14  0:36  Supply Depot  
  14  0:44  Refinery  
  14  0:48  SCV  
  15  1:00  SCV  
  15  1:03  Barracks  
  16  1:12  SCV  
  17  1:18  Refinery  
  17  1:24  SCV  
  18  1:46  SCV  
  19  1:51  Barracks  
  19  1:52  Reaper  
  20  1:59  SCV  
  21  2:03  Supply Depot  
  21  2:21  Orbital Command  
  21  2:24  Reaper  
  21  2:28  Factory  
  22  2:54  Barracks Tech Lab  
  22  2:57  Barracks Tech Lab  
  22  3:11  Ghost Academy  
  23  3:34  Widow Mine  
  23  3:42  Factory  
  23  3:54  Starport  
  23  3:55  Widow Mine, SCV  
  26  4:07  SCV  
  27  4:18  Command Center  
  27  4:19  SCV  
  27  4:21  Ghost  
  30  4:31  Starport  
  30  4:33  Supply Depot  
  30  4:40  Factory Tech Lab x2  
  30  4:54  Ghost  
  30  4:55  Supply Depot  
  30  5:28  Siege Tank  
  30  5:29  Siege Tank  
  36  5:37  Personal Cloaking  
  34  5:44  Supply Depot  
  34  5:48  Starport Tech Lab  
  34  5:49  Starport Tech Lab  
  33  5:53  Refinery  
  33  5:56  Orbital Command  
  33  6:00  Liberator  
  33  6:06  SCV  
  33  6:07  Supply Depot  
  34  6:18  SCV, Refinery  
  38  6:30  SCV  
  39  6:42  SCV  
  40  6:49  SCV  
  41  6:54  SCV  
  41  7:01  SCV  
  40  7:06  SCV  
  41  7:13  SCV  
  42  7:18  SCV  
  43  7:25  SCV  
  44  7:30  Engineering Bay  
  44  7:31  Engineering Bay  
  44  7:43  Fusion Core  
  44  7:54  Banshee x2  
  44  7:58  Armory x2  
  47  8:37  Medivac  
  49  8:47  Armory  
  49  8:48  Terran Infantry Armor Level 1, Terran Infantry Weapons Level 1  
  49  8:56  SCV x2  
  51  9:08  SCV x2  
  53  9:20  SCV  
  54  9:45  Nuke  
  54  9:56  Ghost Academy  
  54  9:58  Ghost Academy  
  54  10:27  Ghost Academy  
  54  10:35  Nuke x2  
  54  11:07  Thor x2  
  66  11:24  Supply Depot  
  66  11:26  Supply Depot  
  66  11:46  Supply Depot, Refinery  
  66  11:50  Command Center, Thor, Cyclone  
  69  12:12  Refinery  
  69  12:22  Cyclone  
  69  12:33  Cyclone  
  66  12:55  Siege Tank  
  60  13:03  Nuke x3  
  60  13:08  Terran Ship Weapons Level 1, Terran Vehicle Weapons Level 1  
  60  13:09  Terran Vehicle And Ship Armor Level 1  
  60  13:13  Infernal Pre-Igniter  
  60  13:14  Mag-Field Accelerator  
  60  13:17  Combat Shield  
  60  13:18  Concussive Shells  
  60  13:23  Rapid Reignition System, Cloaking Field  
  57  13:27  Terran Infantry Weapons Level 2  
  51  14:02  Orbital Command  
  48  14:20  Hyperflight Rotors  
  48  14:22  Stimpack  
  48  14:32  Drilling Claws  
  48  14:41  Corvid Reactor  
  48  14:45  Marine  
  48  14:46  Marine  
  48  14:51  Thor  
  48  14:52  Thor  
  62  14:54  Smart Servos  
  62  15:03  Marine x2  
  64  15:21  Marine x2  
  64  15:22  SCV x2  
  64  15:23  SCV  
  69  15:33  Battlecruiser  
  69  15:34  SCV  
  69  15:35  Siege Tank x2, SCV x2  
  84  15:39  Marine x2  
  86  15:46  SCV  
  86  15:47  SCV x2  
  89  15:57  Marine x2  
  89  15:59  SCV  
  89  16:00  Advanced Ballistics  
  92  16:07  Cyclone, Siege Tank  
  98  16:39  Cyclone x2  
Show
View Real Time Build Order
Export as new Build Order

tigro Terran 

Build Orders: Gas First Reaper Expand 

Get SALT Encoding   

  12  0:07  SCV  
  13  0:19  SCV  
  14  0:26  Supply Depot  
  14  0:31  Refinery, SCV  
  15  0:43  Refinery  
  15  0:59  Barracks  
  15  1:03  SCV  
  16  1:15  SCV  
  17  1:27  SCV  
  18  1:49  Reaper  
  18  1:50  Engineering Bay  
  19  2:22  Reaper  
  20  2:24  Planetary Fortress  
  20  2:49  Command Center  
  20  2:54  Reaper  
  21  3:26  Reaper  
  22  3:34  Factory  
  22  3:47  Terran Infantry Weapons Level 1  
  22  3:58  Reaper  
  23  4:11  Orbital Command  
  23  4:17  Refinery  
  23  4:19  Refinery  
  23  4:24  Factory Tech Lab  
  23  4:42  Barracks Tech Lab  
  23  4:47  Missile Turret  
  23  4:49  SCV  
  24  5:01  SCV  
  24  5:05  Marauder  
  27  5:13  SCV  
  23  5:25  SCV  
  23  5:27  Marauder  
  26  5:37  SCV  
  26  5:41  Terran Infantry Armor Level 1  
  27  5:48  Marine  
  28  6:02  Command Center  
  28  6:05  Marine  
  29  6:23  Marine  
  30  6:33  Supply Depot  
  30  6:41  Marine  
  31  6:59  Marine  
  28  7:02  Armory  
  25  7:17  Marine, Planetary Fortress  
  25  7:26  Siege Tank  
  28  7:34  Marine  
  28  7:35  Neosteel Armor  
  28  7:52  Marine  
  28  7:58  Siege Tank  
  31  8:10  Marine  
  32  8:17  Infernal Pre-Igniter  
  32  8:28  Marine  
  32  8:30  Siege Tank  
  36  8:43  SCV  
  36  8:48  Missile Turret  
  28  8:55  SCV  
  28  9:01  Marine  
  23  9:03  Siege Tank  
  23  9:08  SCV  
  25  9:15  Hi-Sec Auto Tracking  
  25  9:19  Marine  
  25  9:20  SCV  
  27  9:32  SCV  
  27  9:36  Mag-Field Accelerator, Missile Turret  
  27  9:37  Marine  
  28  9:55  Marine  
  29  10:03  Starport  
  29  10:08  SCV  
  29  10:13  Marine  
  26  10:29  Combat Shield  
  26  10:30  Marine  
  26  10:35  Terran Infantry Weapons Level 2  
  27  10:48  Marine  
  28  11:00  Viking  
  30  11:06  Marine  
  31  11:15  Drilling Claws  
  31  11:24  Marine  
  32  11:27  SCV  
  32  11:42  Marine  
  26  12:04  SCV  
  27  12:22  Marine  
  26  12:32  Refinery  
  26  12:34  Smart Servos  
  26  12:39  Refinery  
  24  12:51  SCV  
  24  13:18  SCV  
  25  13:27  Starport Tech Lab  
  25  13:49  SCV  
  26  14:04  Missile Turret  
  26  14:08  SCV  
  27  14:20  SCV  
  27  14:21  Terran Vehicle Weapons Level 1  
  28  14:26  Rapid Reignition System  
  28  14:32  Viking  
  30  14:44  Missile Turret  
  30  14:54  Missile Turret  
  30  15:02  Viking  
  30  15:06  SCV  
  33  15:17  Supply Depot  
  33  15:18  Terran Infantry Armor Level 2  
  33  15:22  Corvid Reactor  
  33  15:53  Thor  
  39  16:05  Barracks  
  39  16:15  Terran Vehicle And Ship Armor Level 1  
  30  16:55  Missile Turret  
  30  17:01  Barracks Tech Lab  
  17  17:47  Marine  
  15  18:05  Marine  
  14  18:17  Factory  
  14  18:23  Marine  
  13  18:40  Marine  
  11  18:50  Supply Depot  
  11  18:58  Marine  
  14  19:17  Marauder  
  13  19:38  Marauder, Engineering Bay  
  11  19:59  Marine  
  11  20:17  Marine, Missile Turret  
  4  20:53  Command Center  
Tags
 
Add a new tag
Caveats
  • Supply blocks, unpowered buildings, or Contaminate may cause inaccurate times.
  • Supply counts are checked every 10 seconds.